 Dungeon Crawl Stone Soup version 0.30-b1-2-g02819fbbbe (webtiles) character file.

Game seed: 2113899325255756510

309 funkygono the Chopper (level 6, -5/53 HPs)
             Began as a Minotaur Fighter on May 10, 2023.
             Slain by an ogre
             ... wielding a +0 giant spiked club
              (9 damage)
             ... on level 4 of the Dungeon.
             The game lasted 00:04:06 (2685 turns).

funkygono the Chopper (Minotaur Fighter)            Turns: 2685, Time: 00:04:06

Health: -5/53      AC:  9    Str: 23    XL:     6   Next: 17%
Magic:  5/5        EV:  8    Int:  5    God:
Gold:   343        SH:  4    Dex:  9    Spells: 5/5 levels left

rFire   . . .        a - +0 war axe
rCold   . . .        c - +0 buckler
rNeg    . . .        e - +0 chain mail
rPois   .            (helmet restricted)
rElec   .            (no cloak)
rCorr   .            (no gloves)
SInv    .            (no boots)
Will    .....        (no amulet) Stlth
                     (no ring)
HPRegen 0.28/turn    (no ring)
MPRegen 0.09/turn

%: no passive effects
@: no status effects
A: horns 2, retaliatory headbutt
a: no special abilities


You were on level 4 of the Dungeon.
You visited 1 branch of the dungeon, and saw 4 of its levels.

You collected 343 gold pieces.

Inventory:

Hand Weapons
 a - a +0 war axe (weapon)
Armour
 c - a +0 buckler (worn)
 e - a +0 chain mail (worn)
Scrolls
 f - 2 scrolls of noise {unknown}
 g - a scroll of fear {unknown}
 h - a scroll of torment {unknown}
 j - 4 scrolls of fog {unknown}
 k - a scroll of enchant weapon {unknown}
 n - a scroll of amnesia {unknown}
 p - a scroll of silence {unknown}
 q - 2 scrolls of identify {unknown}
 s - a scroll of teleportation {unknown}
 t - a scroll of magic mapping {unknown}
Potions
 b - a potion of flight {unknown}
 d - a potion of might
 i - a potion of invisibility {unknown}
 l - 2 potions of resistance {unknown}
 m - 3 potions of curing {unknown}
 o - a potion of heal wounds {unknown}
 r - a potion of mutation {unknown}


   Skills:
 + Level 4.4 Fighting
 + Level 5.4 Axes
 + Level 5.3 Armour
 + Level 1.0 Dodging
 + Level 4.6 Shields


You had 5 spell levels left.
You didn't know any spells.
Your spell library contained the following spells:

 Spells                   Type           Power      Damage    Failure   Level
 Kiss of Death            Conj/Necr      0%         2d5       98%         1


Dungeon Overview and Level Annotations

Branches:
Dungeon (4/15)
 Temple: D:4-7

Altars:


Innate Abilities, Weirdness & Mutations

You have a pair of horns on your head.
You reflexively headbutt those who attack you in melee.


Message History

Found 33 gold pieces.
A quokka is nearby!
There is an open door here.
You closely miss the quokka.
The quokka bites you but does no damage.
You block the quokka's attack.
You hit the quokka.
The quokka is heavily wounded.
The quokka closely misses you. You furiously retaliate!
You headbutt the quokka!
You kill the quokka!
You now have 320 gold pieces (gained 10).
You now have 327 gold pieces (gained 7).
You now have 343 gold pieces (gained 16).
You open the door.
There is an open door here.
An ogre comes into view. It is wielding a +0 giant spiked club.
The ogre shouts!
The ogre moves out of view.
A giant cockroach comes into view.
The giant cockroach moves out of view.
An ogre is nearby!
You block the ogre's attack.
You see here 7 gold pieces.
You hit the ogre but do no damage.
The ogre hits you with a +0 giant spiked club!!
You hit the ogre.
The ogre is lightly wounded.
You barely miss the ogre. You headbutt the ogre!
The ogre is moderately wounded.
The ogre hits you with a +0 giant spiked club!
You slash the ogre!
The ogre is almost dead.
The ogre hits you with a +0 giant spiked club!
* * * LOW HITPOINT WARNING * * *
You closely miss the ogre.
The ogre is almost dead.
You barely miss the giant cockroach. You block the giant cockroach's attack.
The ogre hits you with a +0 giant spiked club!
You die...

.##.# ##....##...#####.###
.##.#
####'####.....##......
.##.#
+.....[†..#.#..#......
....#
########...#...#......
#####
+......#..#.#..###'###
##......##.....## #.#
........#.....# #.#
#$$#..#####'####.#
#@...'.......#.#
#$O#B.##..#.#..#.#
.....$..###.....##.#
##......## ##.#.###.# ####
#####......# #...# #.#
...#####...######## ##.##
#.#
##.......#........#########
#.#
################.#.......#
#.# #...###..[###.#


You could see an ogre and a giant cockroach.

Vanquished Creatures
  2 scorpions (D:4)
  An iguana (D:4)
  7 adders
  3 worms
  3 dart slugs
  6 orcs
  6 ball pythons
  9 bats
  9 endoplasms
  4 giant cockroaches
  9 goblins
  8 hobgoblins
  3 quokkas
  6 frilled lizards
  6 kobolds
  5 rats
87 creatures vanquished.

Notes
Turn   | Place    | Note
-------+----------+-------------------------------------------
     0 | D:1      | funkygono the Minotaur Fighter began the quest for the Orb.
     0 | D:1      | Reached XP level 1. HP: 19/19 MP: 0/0
   175 | D:1      | Reached XP level 2. HP: 27/27 MP: 1/1
   511 | D:1      | Reached XP level 3. HP: 33/33 MP: 2/2
   894 | D:2      | Reached XP level 4. HP: 37/40 MP: 3/3
  1162 | D:2      | Found a faded altar of an unknown god.
  1170 | D:2      | Got Plato's Compendium of the Morgue
  2184 | D:4      | Identified the +2 dagger of the Sea {freeze, Stlth+}
  2465 | D:4      | Reached XP level 5. HP: 45/46 MP: 4/4
  2542 | D:4      | Reached skill level 5 in Axes
  2542 | D:4      | Reached skill level 5 in Armour
  2542 | D:4      | Reached skill level 1 in Dodging
  2617 | D:4      | Reached XP level 6. HP: 46/53 MP: 5/5
  2685 | D:4      | Slain by an ogre

Illustrated notes

Levels and vault maps discovered:
D:1:      evilmike_arrival_hilbert_curve, layout_basic
D:2:      layout_basic, shapermc_ecumenical_altar_rom_forum
D:3:      layout_basic
D:4:      minmay_polygon_palace, layout_basic

Skill      XL: |  1  2  3  4  5 |
---------------+----------------+-----
Armour         | 4 5 |  5.3
Shields        | 4 |  4.6
Fighting       | 4 |  4.4
Axes           | 3 4 5 |  5.4
Dodging        | 1 |  1.0

Action                     |  1- 3 |  4- 6 || total
---------------------------+-------+-------++-------
  Melee: War axe           |    71 |   110 ||   181
         Headbutt          |     8 |    14 ||    22
 Armour: Chain mail        |    38 |    76 ||   114
         Scale mail        |     1 |       ||     1
  Dodge: Dodged            |    24 |    45 ||    69
  Block: Buckler           |    11 |    22 ||    33
